 Dungeon Crawl Stone Soup version 0.29.1-15-g9cfb28693d (webtiles) character file.

Game seed: 4885636857576303143

36 leafyfresh the Sneak (level 3, -7/26 HPs)
             Began as an Octopode Delver on Apr 19, 2023.
             Mangled by a gnoll
             ... wielding a +0 flail
              (11 damage)
             ... on level 3 of the Dungeon.
             The game lasted 00:00:43 (901 turns).

leafyfresh the Sneak (Octopode Delver)               Turns: 901, Time: 00:00:44

Health: -7/26      AC:  1    Str: 11    XL:     3   Next: 37%
Magic:  3/3        EV: 13    Int: 14    God:
Gold:   7          SH:  0    Dex: 13    Spells: 2/2 levels left

rFire   . . .      SeeInvis .   a - +0 short sword
rCold   . . .      Faith    .   (no shield)
rNeg    . . .      Spirit   .   (helmet restricted)
rPois   .          Reflect  .   (no amulet)
rElec   .          Harm     .   (no ring)
rCorr   .          Rampage  .   (no ring)
Will    .....                   (no ring)
Stlth   ++++......              (no ring)
HPRegen 0.08/turn               (no ring)
MPRegen 0.08/turn               (no ring)
                                (no ring)
                                (no ring)

@: no status effects
A: almost no armour, amphibious, 8 rings, camouflage 1, gelatinous body 1,
(nimble swimmer 1), tentacles
a: no special abilities


You were on level 3 of the Dungeon.
You visited 1 branch of the dungeon, and saw 3 of its levels.

You collected 7 gold pieces.

Inventory:

Hand Weapons
 a - a +0 short sword (weapon)
Wands
 f - a wand of digging (3)
Scrolls
 b - a scroll of fog
 d - a scroll of fear
 h - a scroll of summoning {unknown}
 i - a scroll of poison {unknown}
 j - 2 scrolls of identify {unknown}
Potions
 c - a potion of might {unknown}
 e - 2 potions of haste
 g - a potion of curing {unknown}


   Skills:
 + Level 3.3 Fighting
 + Level 2.4 Short Blades
 + Level 2.5 Dodging
 + Level 7.0 Stealth


You had 2 spell levels left.
You didn't know any spells.
Your spell library was empty.

Dungeon Overview and Level Annotations

Branches:
Dungeon (5/15)
 Temple: D:4-7

Altars:


Innate Abilities, Weirdness & Mutations

You cannot wear most types of armour.
You are amphibious.
You can wear up to eight rings at the same time.
Your skin changes colour to match your surroundings (Stealth+).
Your rubbery body absorbs attacks. (AC +1, EV +1)
((You are camouflaged when in or above water. (Stealth+)))
You have tentacles for arms and can constrict up to eight enemies at once.


Message History

A gnoll comes into view. It is wielding a +0 spear.
You see here 9 gold pieces.
There are monsters nearby!
You hit the gnoll. You grab the gnoll.
You squeeze the gnoll, but do no damage.
The gnoll is lightly wounded.
You constrict the gnoll, but do no damage.
The gnoll escapes!
You hit the gnoll. Your grab misses the gnoll.
The gnoll is heavily wounded.
The gnoll closely misses you.
The gnoll hits you from afar with a +0 spear.
You hit the gnoll. Your grab misses the gnoll. You squeeze the gnoll.
You kill the gnoll!
The gnoll hits you from afar with a +0 spear.
You have reached level 3!
Your experience leads to an increase in your attributes!
Increase (S)trength, (I)ntelligence, or (D)exterity?
You feel clever. x2
You are too injured to fight recklessly!
You are too injured to fight recklessly!
The gnoll hits you with a +0 spear!
* * * LOW HITPOINT WARNING * * *
You hit the gnoll but do no damage. You grab the gnoll.
You constrict the gnoll, but do no damage.
The gnoll closely misses you.
You hit the gnoll.
The gnoll is moderately wounded.
You constrict the gnoll. The gnoll barely misses you.
You hit the gnoll. You squeeze the gnoll.
You kill the gnoll!
Your Stealth skill increases to level 7!
Things that are here:
a +0 spear; a gnoll corpse
Found a leather armour.
You hit the gnoll but do no damage. Your grab misses the gnoll.
The gnoll misses you.
You hit the gnoll but do no damage. Your grab misses the gnoll.
The gnoll hits you with a +0 flail!
You die...

#..............#
#.###.###.#.#..#
# #...# ..#.#.##
#.###.###.###.
#....$.......
#.....)......
#.#.#.###.### #
#.#g# # ###@#
#.............
#.[...########
######


You could see a gnoll.

Vanquished Creatures
  An adder (D:3)
  2 gnolls (D:3)
  A dart slug (D:3)
  A ball python (D:3)
  An endoplasm (D:4)
  A giant cockroach (D:3)
  A frilled lizard (D:3)
  A kobold (D:3)
9 creatures vanquished.

Notes
Turn   | Place    | Note
-------+----------+-------------------------------------------
     0 | D:5      | leafyfresh the Octopode Delver began the quest for the Orb.
     0 | D:5      | Reached XP level 1. HP: 16/16 MP: 1/1
     5 | D:4      | Noticed a black bear
    17 | D:4      | Noticed an iguana
   248 | D:3      | Reached XP level 2. HP: 9/21 MP: 2/2
   894 | D:3      | Reached XP level 3. HP: 13/26 MP: 3/3
   898 | D:3      | Reached skill level 7 in Stealth
   901 | D:3      | Mangled by a gnoll

Illustrated notes

Levels and vault maps discovered:
D:3:      cheibrodos_helix_gallery, layout_basic, nicolae_gozag_seed_capital,
          minmay_misc_feat_nine_boxes
D:4:      kennysheep_slugbush, layout_basic
D:5:      layout_rooms, serial_shops, shop, uniq_eustachio, uniq_sigmund

Skill      XL: |  1  2  3 |
---------------+----------+-----
Stealth        | 7 |  7.0
Fighting       | |  3.3
Short Blades   | |  2.4
Dodging        | |  2.5

Action                   || total
-------------------------++-------
Melee: Short sword       ||    26
       Constrict         ||     6
       Tentacles         ||     6
  Use: Scroll            ||     1
 Stab: Distracted        ||     1
Armor: Skin              ||     1
Dodge: Dodged            ||    25
